Map: Nightshade LE

Players

Nice

  • Race: Protoss Protoss
  • Spawn Location: 11:00

Hurricane - Winner!

  • Race: Protoss Protoss
  • Spawn Location: 5:00

Event: IEM Katowice 2020

VOD

Have the link to the VOD?

Description

Time

  • Played on: Feb. 25, 2020, 9:32 a.m.
  • Length: 13:42

All games in this series

Show
View Real Time Build Order
Export as new Build Order

Nice Protoss 

Build Orders:  

Get SALT Encoding   

  12  0:00  Probe  
  13  0:13  Probe  
  14  0:18  Pylon  
  14  0:25  Probe (Chrono Boost)  
  15  0:37  Probe (Chrono Boost)  
  15  0:39  Gateway  
  16  0:45  Probe (Chrono Boost)  
  16  0:47  Assimilator  
  17  0:52  Assimilator  
  17  0:54  Probe (Chrono Boost)  
  18  1:07  Probe (Chrono Boost)  
  18  1:08  Gateway  
  19  1:15  Probe (Chrono Boost)  
  20  1:21  Probe  
  21  1:27  Cybernetics Core  
  21  1:33  Probe  
  21  1:37  Pylon  
  22  1:45  Probe  
  23  2:03  Robotics Facility  
  23  2:04  Stalker  
  23  2:05  Warp Gate  
  27  2:13  Stalker  
  27  2:22  Pylon  
  27  2:34  Stalker  
  28  2:38  Probe  
  28  2:43  Stalker  
  31  2:44  Shield Battery  
  31  2:50  Observer (Chrono Boost)  
  32  2:56  Pylon  
  32  3:04  Immortal (Chrono Boost)  
  36  3:35  Warp Prism  
  38  4:06  Stalker  
  38  4:07  Stalker  
  38  4:08  Immortal (Chrono Boost)  
  42  4:16  Observer  
  46  4:32  Gateway  
  46  4:34  Pylon  
  46  4:45  Stargate  
  46  4:53  Adept x2, Gateway  
  46  4:58  Shield Battery  
  46  5:25  Pylon  
  46  5:26  Pylon  
  49  5:52  Phoenix  
  49  5:53  Adept x3  
  53  5:58  Sentry  
  53  6:00  Pylon  
  53  6:02  Pylon  
  55  6:06  Shield Battery  
  55  6:18  Phoenix (Chrono Boost)  
  57  6:30  Adept, Sentry  
  57  6:31  Adept x2  
  64  6:35  Phoenix (Chrono Boost)  
  66  6:58  Adept, Sentry  
  70  7:02  Pylon  
  70  7:11  Probe, Robotics Facility  
  71  7:31  Nexus  
  67  7:38  Phoenix (Chrono Boost)  
  57  7:53  Stalker  
  57  7:54  Stalker  
  43  8:01  Immortal  
  47  8:14  Phoenix (Chrono Boost)  
  47  8:24  Stalker  
  47  8:25  Zealot  
  51  8:39  Zealot x2  
  53  9:01  Sentry  
  51  9:11  Stalker  
  51  9:12  Stalker  
  37  9:42  Immortal (Chrono Boost)  
  39  9:55  Adept, Sentry  
  40  10:11  Adept x2  
  41  10:31  Sentry  
  41  10:32  Adept  
  41  10:35  Adept  
  47  10:55  Adept x2  
  51  10:59  Sentry  
  43  11:26  Robotics Bay  
  43  11:43  Observer (Chrono Boost)  
  44  11:47  Adept x2  
  44  12:14  Disruptor  
  45  12:23  Adept x2  
  49  12:38  Adept  
  51  12:50  Adept x2  
  55  12:58  Sentry  
  36  13:26  Adept x3  
Show
View Real Time Build Order
Export as new Build Order

Hurricane Protoss - Winner!

Build Orders:  

Get SALT Encoding   

  12  0:00  Probe  
  13  0:13  Probe  
  14  0:17  Pylon  
  14  0:25  Probe (Chrono Boost)  
  15  0:37  Probe (Chrono Boost), Gateway  
  16  0:45  Probe (Chrono Boost)  
  16  0:46  Assimilator  
  17  0:51  Probe  
  17  0:55  Assimilator  
  18  1:03  Probe (Chrono Boost)  
  19  1:12  Gateway  
  19  1:14  Probe (Chrono Boost)  
  20  1:19  Probe (Chrono Boost)  
  20  1:25  Cybernetics Core  
  21  1:29  Probe  
  22  1:36  Pylon  
  22  1:41  Probe  
  24  2:00  Adept  
  24  2:01  Adept  
  27  2:04  Robotics Facility  
  27  2:08  Warp Gate  
  27  2:20  Pylon  
  27  2:25  Shield Battery  
  28  2:33  Stalker  
  29  2:37  Sentry  
  29  2:43  Shield Battery  
  31  2:49  Warp Prism (Chrono Boost)  
  33  3:01  Pylon  
  33  3:03  Sentry  
  35  3:19  Immortal (Chrono Boost)  
  39  3:27  Stalker  
  39  3:43  Pylon  
  39  3:51  Immortal (Chrono Boost)  
  43  4:17  Gateway  
  43  4:18  Adept x2  
  47  4:26  Observer (Chrono Boost)  
  48  4:43  Zealot  
  48  4:45  Zealot  
  51  4:54  Immortal  
  48  5:06  Zealot x2  
  51  5:18  Probe  
  48  5:31  Probe (Chrono Boost)  
  50  5:43  Probe (Chrono Boost)  
  50  5:50  Robotics Bay  
  50  5:51  Probe (Chrono Boost)  
  51  5:57  Probe  
  52  6:06  Stalker  
  52  6:08  Pylon  
  52  6:09  Probe  
  51  6:21  Probe  
  52  6:29  Stalker  
  52  6:30  Stalker  
  52  6:46  Colossus (Chrono Boost)  
  58  6:59  Pylon  
  58  7:09  Stalker  
  60  7:22  Sentry  
  60  7:25  Gateway  
  60  7:46  Adept x2  
  52  8:08  Stalker x2  
  56  8:13  Warp Prism (Chrono Boost)  
  56  8:20  Adept  
  59  8:41  Adept x3  
  54  9:12  Adept x2  
  54  9:13  Adept  
  54  9:22  Warp Prism  
  54  9:30  Observer  
  50  10:05  Nexus  
  42  10:24  Sentry x3  
  46  10:40  Sentry  
  48  10:44  Sentry  
  48  10:48  Sentry  
  52  11:01  Disruptor (Chrono Boost)  
  55  11:04  Adept x2  
  57  11:47  Stalker x3  
  57  12:26  Probe x2  
  57  12:45  Probe x2 (Chrono Boost)  
  57  12:47  Adept x3  
  65  12:55  Probe x2 (Chrono Boost)  
  67  13:00  Probe x2 (Chrono Boost)  
  59  13:24  Stalker x3  
  59  13:26  Probe x2  

Tags
 
Add a new tag
Caveats
  • Supply blocks, unpowered buildings, or Contaminate may cause inaccurate times.
  • Supply counts are checked every 10 seconds.